[Event "1000IM Saint Louis 2022"]
[Site "Saint Louis"]
[Date "2022.07.19"]
[Round "1.1"]
[White "Tokhirjonova, Gulrukhbegim"]
[Black "Cervantes Landeiro, Thalia"]
[Result "1-0"]
[ECO "D20"]
[WhiteElo "2329"]
[BlackElo "2234"]
[Annotator "TA"]
[PlyCount "89"]
[EventDate "2022.07.20"]
[EventType "tourn"]
[EventCountry "USA"]
[SourceTitle "playchess.com"]
[Source "ChessBase"]
[SourceQuality "1"]
[TimeControl "5400+30"]

1. d4 d5 2. c4 dxc4 3. e4 b5 4. a4 c6 5. axb5 cxb5 6. Nc3 {[%emt 0:01:06] D20: Queen's Gambit Accepted: 3 e3 and 3 e4.} Qb6 {[%emt 0:00:34] outshines the older 6...a6.} 7. Nd5 Qb7 8. Bf4 {[%emt 0:01:15] White is slightly better.} e5 9. Bxe5 Nd7 $1 10. Ne2 {[%emt 0:04:37] 0x0.001ebd5f86f7dp-1022s more active pieces.} (10. Bf4 $1 $16) 10... Nxe5 $11 11. dxe5 {[%emt 0:00:21] [#]} Be6 $146 ({Predecessor:} 11... Ne7 12. Nec3 a6 13. Nxb5 Nxd5 14. Qxd5 Bb4+ 15. Nc3 Bxc3+ 16. bxc3 Qb2 17. Qa5 Be6 {1-0 (30) Wang,H (2744)-So,W (2776) Stavanger 2022}) 12. Nec3 {[%emt 0:01:46][%cal Oc3b5] Pair of Knights!} Rd8 $1 13. Qd4 {[%emt 0:04:24] Against Bc5} Rd7 (13... Bb4 $1 $11) 14. Be2 $16 Ne7 {[%emt 0:05:07] [#] Strongly threatening ...b4.} 15. O-O $1 b4 {[%emt 0:23:57] [#]} (15... Bxd5 $2 16. exd5 Nf5 17. Qe4 $18) 16. Rfb1 $1 bxc3 17. bxc3 Qc8 (17... Bxd5 $2 18. Rxb7 Bxb7 19. Qxc4 $18) (17... Qa8 $16) 18. Bxc4 (18. Qxc4 $18 {And now Qa4 would win.} Kd8 19. Qxc8+ Nxc8 20. Rb8) 18... Nc6 $14 19. Qe3 (19. Qd3 $1 $14) 19... Be7 $11 20. Ba6 Qa8 21. Bb5 {[%emt 0:00:46] aiming for Ra6.} O-O 22. Nb6 $132 {[%emt 0:04:33][%mdl 2048] White is not holding back} Qb7 23. Nxd7 Qxd7 24. f4 {[%emt 0:04:37] Hoping for f5.} Qc7 25. Kh1 a5 26. Bxc6 Qxc6 27. Rxa5 (27. f5 $5 Bd7 28. Rxa5 $11) 27... g6 28. Rf1 Qc4 29. Raa1 {[%emt 0:01:55] Threatens to win with f5.} Rc8 30. f5 Bd7 31. e6 fxe6 32. f6 Bf8 33. f7+ {[%emt 0:00:58] [#]} (33. Qg5 $11 Be8 34. h3) 33... Kh8 ({Black should play} 33... Kg7 $1 $17) 34. Qf4 (34. Rfd1 $11 {remains equal.} Bc6 35. Qg5) 34... Bg7 $2 {[%emt 0:02:01][%mdl 8192] Black cannot hold the game after this.} (34... h6 $17) 35. Qd6 $18 Rf8 36. Qxd7 Qxc3 (36... Bxc3 $142 37. Rac1 Qa6) 37. Qxe6 Qxa1 38. Rxa1 {[%emt 0:00:02] White mates.} Bxa1 {[%emt 0:00:02] KQ-KRB} 39. e5 Kg7 40. Qf6+ Kh6 41. g4 Bxe5 42. Qxe5 Rxf7 43. h4 Rd7 44. Kg2 Rb7 45. Qf6 {[%emt 0:00:53] Weighted Error Value: White=0.21 (precise) /Black=0.42} 1-0

[Event "1000IM Saint Louis 2022"]
[Site "Saint Louis"]
[Date "2022.07.19"]
[Round "1.2"]
[White "Sethuraman, Sandeep"]
[Black "Wang, Tianqi"]
[Result "1/2-1/2"]
[ECO "D15"]
[WhiteElo "2305"]
[BlackElo "2402"]
[Annotator "TA"]
[PlyCount "54"]
[EventDate "2022.07.20"]
[EventType "tourn"]
[EventCountry "USA"]
[SourceTitle "playchess.com"]
[Source "ChessBase"]
[SourceQuality "1"]
[TimeControl "5400+30"]

1. d4 d5 2. c4 c6 3. Nc3 Nf6 4. Nf3 a6 5. c5 Bf5 6. Qb3 Ra7 {[%emt 0:00:20] seems to push 6...Qc8 aside. D15: Slav Defence: 4 Nc3 a6 and gambit lines after 4 Nc3 dxc4.} 7. Bf4 Nbd7 8. h3 e6 {[%emt 0:02:36] White has an edge.} 9. e3 h6 10. Be2 Be7 11. O-O O-O 12. Na4 Re8 {[%emt 0:01:04] [#]} 13. Rfc1 $146 ({Predecessor:} 13. Rac1 a5 14. a3 Be4 15. Rfe1 Bxf3 16. Bxf3 Bf8 17. Qc3 Be7 18. Bg3 Qc8 19. e4 dxe4 20. Bxe4 Nxe4 21. Rxe4 {½-½ (43) Corti,H (2295)-Nichols,S (2374) LSS email 2020}) 13... Qc8 14. Nb6 Qd8 15. a4 a5 16. Ne5 Nxe5 17. Bxe5 Nd7 18. Nxd7 Qxd7 19. Bd3 Bxd3 20. Qxd3 Bd8 21. Rab1 Bc7 22. Bxc7 Qxc7 23. b4 axb4 24. Rxb4 e5 25. Rcb1 exd4 26. exd4 Re7 27. Qf5 g6 {[%emt 0:02:29] Weighted Error Value: White=0.05 (flawless) /Black=0.02 (flawless)} 1/2-1/2

[Event "1000IM Saint Louis 2022"]
[Site "Saint Louis"]
[Date "2022.07.19"]
[Round "1.3"]
[White "Proleiko, Julian"]
[Black "Kozelov, Roman"]
[Result "1-0"]
[ECO "C02"]
[WhiteElo "2238"]
[BlackElo "2104"]
[Annotator "TA"]
[PlyCount "41"]
[EventDate "2022.07.20"]
[EventType "tourn"]
[EventCountry "USA"]
[SourceTitle "playchess.com"]
[Source "ChessBase"]
[SourceQuality "1"]
[TimeControl "5400+30"]

1. e4 e6 2. d4 d5 3. e5 b6 4. Nf3 Qd7 5. a4 a5 6. c3 Ba6 {[%emt 0:01:29] C02: French: Advance Variation.} 7. Bxa6 Nxa6 8. O-O c5 {[%emt 0:00:36] The position is equal.} 9. Qe2 Ne7 {[%emt 0:03:34] [#]} 10. Na3 $146 ({Predecessor:} 10. b3 Nc6 11. Be3 Be7 12. Rd1 Qb7 13. Na3 h6 14. Nb5 O-O 15. Rac1 Rfd8 16. h4 {1-0 (59) Panas,P (2187)-Bugalski,M (2244) Lublin 2006}) 10... Nc6 11. Nb5 Nc7 12. Be3 c4 13. Nxc7+ Qxc7 14. b3 Be7 ({Black should play} 14... cxb3 $14 15. Rfb1 Be7) 15. bxc4 $16 O-O (15... dxc4 $142 16. Qxc4 O-O) 16. cxd5 $18 exd5 17. Rfc1 Qb7 18. Rab1 Rab8 19. Bg5 Ba3 (19... Qd7 $142 20. Bd2 h6) 20. Re1 Rfe8 21. Qa2 {[%emt 0:03:03][%csl LRa3,LRd5] Weighted Error Value: White=0.06 (flawless) /Black=0.36} 1-0

[Event "1000IM Saint Louis 2022"]
[Site "Saint Louis"]
[Date "2022.07.19"]
[Round "1.4"]
[White "Williams, Justus"]
[Black "Nyzhnyk, Illya"]
[Result "0-1"]
[ECO "D47"]
[WhiteElo "2390"]
[BlackElo "2686"]
[Annotator "TA"]
[PlyCount "68"]
[EventDate "2022.07.20"]
[EventType "tourn"]
[EventCountry "USA"]
[SourceTitle "playchess.com"]
[Source "ChessBase"]
[SourceQuality "1"]
[TimeControl "5400+30"]

1. Nf3 d5 2. d4 Nf6 3. c4 e6 4. Nc3 dxc4 5. e3 a6 6. Bxc4 b5 7. Be2 Bb7 8. a4 b4 9. Nb1 c5 10. O-O Nbd7 11. Nbd2 {[%emt 0:00:57] D47: Semi-Slav: Meran System.} Qc7 $5 {[%emt 0:08:07][%mdl 4] Leaves trodden paths.} 12. Nc4 Be7 13. h3 {[%emt 0:01:56] The position is equal.} O-O {[%emt 0:00:12] [#]} 14. Bd2 $146 ({Predecessor:} 14. b3 cxd4 15. Nxd4 Rfd8 16. Bf3 Nb6 17. Bxb7 Qxb7 18. Na5 Qc7 19. Nac6 Rd5 20. Nxe7+ Qxe7 {1-0 (60) Smirnova,E (2107)-Morea,G (1902) Budva 2013}) 14... Rfd8 15. Qb1 Be4 16. Qa2 a5 17. Rfc1 Qb7 18. Qb3 Bd5 19. Qd1 Ne4 20. Be1 cxd4 {[%emt 0:10:43] Black is more active.} 21. Nxd4 e5 22. Nf5 Ndc5 {[%emt 0:10:32][%cal Bd7c5,Bc5e4,Be4g3,Bg3e2,Be2c1][%mdl 32] ...Bxc4 is the strong threat.} 23. Nxe7+ (23. Nxa5 $1 $15 Rxa5 24. Bxb4) 23... Qxe7 $17 24. Qc2 b3 25. Qb1 {[%emt 0:00:09] [#]} Ng3 $1 $36 {[%emt 0:00:43][%mdl 2560] Black is in control.} 26. fxg3 {[%emt 0:03:37] Threatens to win with Qf5.} Be4 {[%emt 0:00:03] Inhibits Qf5.} 27. Qxe4 (27. Bxa5 $17 Rxa5 28. Nxa5 Bxb1 29. Raxb1) 27... Nxe4 $19 28. Nxa5 (28. Kh2 $142) 28... Qg5 29. Bf3 {[%emt 0:01:53] [#]} Nxg3 $1 {[%emt 0:01:12] Black is clearly winning.} 30. h4 (30. Bxg3 Rxa5) 30... Qxe3+ 31. Bf2 Ne2+ 32. Kf1 Qxc1+ 33. Rxc1 Nxc1 34. Nc6 e4 {[%emt 0:00:05] Weighted Error Value: White=0.42/Black=0.06 (flawless)} 0-1

[Event "1000IM Saint Louis 2022"]
[Site "Saint Louis"]
[Date "2022.07.19"]
[Round "1.5"]
[White "Stefanov, Emil"]
[Black "Altman, Joshua"]
[Result "1-0"]
[ECO "C06"]
[WhiteElo "2342"]
[BlackElo "2162"]
[Annotator "TA"]
[PlyCount "87"]
[EventDate "2022.07.20"]
[EventType "tourn"]
[EventCountry "USA"]
[SourceTitle "playchess.com"]
[Source "ChessBase"]
[SourceQuality "1"]
[TimeControl "5400+30"]

1. e4 e6 2. d4 d5 3. Nd2 Nf6 4. e5 Nfd7 5. Bd3 c5 6. c3 Nc6 7. Ne2 Qb6 8. Nf3 cxd4 9. cxd4 f6 10. exf6 Nxf6 11. O-O Bd6 12. Bf4 Bxf4 13. Nxf4 Qxb2 14. Re1 O-O 15. g3 {[%emt 0:00:14][%mdl 1024] White has compensation. C06: French Tarrasch: 3...Nf6 4 e5 Nfd7 5 Bd3 main lines.} Qb4 (15... Ng4 $2 16. Bxh7+ $1 Kxh7 17. Ng5+ Kg8 18. Qxg4 $18) 16. Rb1 Qd6 {[%emt 0:00:57] [#]} 17. Rb2 $146 {[%emt 0:06:56] White is slightly better.} ({Predecessor:} 17. Ng5 Nxd4 18. Bxh7+ Nxh7 19. Nxh7 Kxh7 20. Qxd4 Rf5 21. Nd3 b6 22. Qh4+ Kg8 23. g4 {0-1 (58) Gabriel,U-Holze,G Germany 1991}) 17... Rb8 18. Qb1 {[%emt 0:13:17] And now Ng5 would win.} h6 {[%emt 0:03:42] Inhibits Ng5.} 19. Ng6 Re8 20. Nge5 {[%emt 0:00:18] aiming for Nxc6.} Bd7 {[%emt 0:08:37] [#]} 21. Bg6 $1 ({Worse is} 21. Rxb7 Rxb7 22. Qxb7 Rb8 $15) 21... Rf8 22. Rxb7 Rxb7 23. Qxb7 Rb8 24. Qa6 {[%emt 0:03:50] 0x0.001449d77c90dp-1022s more active pieces.} Rb6 25. Qd3 Nd8 {[%emt 0:06:55] Inhibits Bf7+.} 26. Rc1 Rb8 27. Nd2 Rb2 28. a3 Rb8 29. Qc3 Be8 30. Bd3 Nf7 31. Kg2 Nd7 32. Nc6 Rb7 33. Bg6 Nf8 34. Bxf7+ Bxf7 35. Qc5 (35. Ne5 $16) 35... Qd7 ({Black should play} 35... Qxc5 $14 36. dxc5 Be8) 36. Nf3 $36 {[%emt 0:00:46][%mdl 2048] Keeping Black busy.} Ng6 (36... Bg6 $142) 37. Nce5 $16 Nxe5 38. Nxe5 ({Don't play} 38. dxe5 $6 Kh7 $14) 38... Qe7 (38... Qe8 $16 {might work better.} 39. Qc2 Qd8) 39. Qc8+ $18 Kh7 {[%emt 0:00:24] [#]} 40. Rc6 (40. Qa8 $1 $18 {Strongly threatening Rc8.} Rc7 41. Rb1) 40... Rb2 $2 {[%emt 0:01:11][%mdl 8192] Black cannot hold the game after this.} (40... a5 $16 41. a4 Qb4) 41. Rc7 Qf6 42. Rxf7 Rxf2+ 43. Kh3 Qg5 44. Rxf2 {[%emt 0:00:09] Weighted Error Value: White=0.15 (very precise) /Black=0.62} 1-0

[Event "1000IM Saint Louis 2022"]
[Site "Saint Louis"]
[Date "2022.07.19"]
[Round "2.1"]
[White "Cervantes Landeiro, Thalia"]
[Black "Altman, Joshua"]
[Result "1-0"]
[ECO "E16"]
[WhiteElo "2234"]
[BlackElo "2162"]
[Annotator "TA"]
[PlyCount "133"]
[EventDate "2022.07.20"]
[EventType "tourn"]
[EventCountry "USA"]
[SourceTitle "playchess.com"]
[Source "ChessBase"]
[SourceQuality "1"]
[TimeControl "5400+30"]

1. d4 Nf6 2. c4 e6 3. Nf3 b6 4. g3 Bb7 5. Bg2 Bb4+ 6. Bd2 Bxd2+ 7. Qxd2 O-O 8. O-O d6 9. Qf4 {[%emt 0:00:58] E16: Queen's Indian: 4 g3 Bb7 5 Bg2 Bb4+.} Nbd7 10. Nc3 Qe7 11. e4 {[%emt 0:01:14] [#] White is slightly better.} Rfd8 $146 ({Predecessor:} 11... e5 12. Qe3 Rfe8 13. Rfe1 c6 14. Rad1 Rad8 15. Rd2 c5 16. dxe5 Nxe5 17. Nxe5 dxe5 {½-½ (35) Bluebaum,M (2647)-Bartel,M (2643) Warsaw 2020}) 12. Rfe1 a5 13. Rad1 h6 14. b3 Re8 (14... Rab8 $16 {keeps fighting.}) 15. Qd2 (15. e5 $18 {is more deadly.}) 15... Rad8 $16 16. Qc2 e5 17. d5 Nf8 18. Nh4 g6 19. a3 c6 20. Qd2 Kg7 21. Rc1 N6d7 22. dxc6 Bxc6 23. Nd5 {[%emt 0:00:33] 0x0.0002dee44a13dp-1022s more active pieces.} Bxd5 24. cxd5 (24. Qxd5 Nc5 $11) (24. exd5 f5 $11) 24... Nc5 25. Rc3 a4 26. b4 Nb3 27. Qe3 Qb7 28. Bf1 (28. Bh3 $5 ) 28... b5 29. Qd3 Rb8 30. Nf3 (30. f4 {feels hotter.} Rec8 31. fxe5 dxe5 32. Bh3) 30... Rec8 31. Bh3 (31. Rxc8 $14 Qxc8 32. Nd2) 31... Rc7 32. Re3 Nd7 ({Black should play} 32... Rxc3 $11 33. Qxc3 Nh7) 33. Qc2 (33. Bxd7 $14 Rxd7 34. Rc6) 33... Rbc8 $1 $11 34. Kg2 (34. Rxc7 $11 {remains equal.} Rxc7 35. Rc3 Rxc3 36. Qxc3) 34... Rc4 $17 35. Rxc4 $4 (35. Qb2 $1 $11) 35... Rxc4 $19 36. Rc3 Nb6 37. Rxc4 Nxc4 38. Kg1 $2 (38. Qa2 f5 39. Qe2 (39. exf5 $2 Qxd5 40. Bg4 Nd4 $19)) 38... Nxa3 {[%emt 0:00:47] Pair of Knights!} 39. Qc6 Qe7 40. Bf1 Nd4 41. Nxd4 exd4 {[%emt 0:00:02][%mdl 4096] Endgame KQB-KQN} 42. f3 Qe5 43. Bd3 g5 44. Kf2 Nc4 45. Qxb5 Nb2 {[%emt 0:00:16] [#] Strongly threatening ...a3.} 46. Qa6 Nd1+ $2 ({Better is} 46... h5 $19 {Threatens to win with ...h4.} 47. Kf1 h4) 47. Ke1 $1 $11 Nb2 {[%emt 0:00:29][%cal Og5g4] Hoping for ...g4!} 48. Kd2 {[%emt 0:00:45] [#]} (48. Kf2 $11 {was the only way to keep the balance.}) 48... Qf6 $2 {[%emt 0:00:49][%mdl 8192] White stays focused until the end.} (48... g4 $1 $17 {[%cal Rg4f3] keeps the pressure on.} 49. Kc2 (49. fxg4 $2 Qg5+ 50. Kc2 Nxd3 $19) 49... Nxd3 50. Qxd3 f5) 49. Kc2 $18 Nxd3 50. Qxd3 {[%emt 0:00:02] KQ-KQ} g4 51. f4 (51. fxg4 Qf2+ 52. Kb1 Qe3 $19) 51... Kg8 52. Kb2 ({Not} 52. b5 Qd8 $16) 52... h5 53. Ka3 Qe7 54. Qxd4 Qc7 55. Qd3 {[%emt 0:01:30] Inhibits Qc2.} Qa7 (55... f6 $142 56. Kxa4 Qa7+ 57. Kb3 Kg7) 56. e5 dxe5 57. fxe5 Qg1 58. Kxa4 {[%emt 0:00:27] Black must now prevent d6.} Qa1+ 59. Kb3 {[%emt 0:00:21] Intending d6 and mate.} Qxe5 60. d6 Qe6+ 61. Ka3 Qd7 62. b5 {[%emt 0:00:16][%cal Bb4b5,Bb5b6][%mdl 32] White threatens b6 and mate.} Kf8 63. Qd4 {[%emt 0:00:34][%cal Rd4h8] White mates.} Kg8 64. b6 Qc6 65. d7 Qc1+ 66. Ka4 Qa1+ 67. Qxa1 {[%emt 0:00:28] Weighted Error Value: White=0.38/Black=0.65} 1-0

[Event "1000IM Saint Louis 2022"]
[Site "Saint Louis"]
[Date "2022.07.19"]
[Round "2.2"]
[White "Nyzhnyk, Illya"]
[Black "Stefanov, Emil"]
[Result "1-0"]
[ECO "E04"]
[WhiteElo "2686"]
[BlackElo "2342"]
[Annotator "TA"]
[PlyCount "57"]
[EventDate "2022.07.20"]
[EventType "tourn"]
[EventCountry "USA"]
[SourceTitle "playchess.com"]
[Source "ChessBase"]
[SourceQuality "1"]
[TimeControl "5400+30"]

1. Nf3 d5 2. d4 Nf6 3. c4 e6 4. g3 dxc4 5. Bg2 a6 6. O-O Nc6 7. Nc3 Rb8 8. e4 Be7 9. d5 exd5 10. exd5 Nb4 {[%emt 0:00:13][%cal Rf6d5] E04: Open Catalan: 5 Nf3.} 11. Ne5 Bf5 12. Nxc4 $1 {[%emt 0:14:29][%mdl 4] is more profitable than 12.a3 at the moment.} Bd3 {[%emt 0:06:33] [#] The position is equal.} 13. b3 {[%emt 0:00:03] Strongly threatening a3.} Bxf1 14. Kxf1 {[%emt 0:00:02] [#]} b5 $146 (14... a5 $1 $14) ({Predecessor:} 14... a5 15. a3 Na6 16. Be3 O-O 17. Nxa5 c6 18. b4 cxd5 19. Nxd5 Nxd5 20. Qxd5 Qxd5 21. Bxd5 {1-0 (66) Dubov,D (2702)-Oganian,M (2437) Chess.com INT 2022}) 15. Na5 $1 $16 c5 $2 (15... c6 $16) 16. Bf4 $1 $18 Qxa5 17. Bxb8 {[%emt 0:00:04] d6 is the strong threat. A strong pair of Bishops.} O-O 18. d6 {[%emt 0:00:04] Black must now prevent Bc7.} Bd8 {[%emt 0:03:02] [#] Against Bc7} 19. Ba7 {[%emt 0:17:02] Prevents Qb6. Hoping for a4.} Bb6 20. Bxb6 Qxb6 21. a3 Nc6 22. Nd5 Nxd5 23. Qxd5 ({And not} 23. Bxd5 Nd4 24. Qd3 (24. d7 Qd6 $17) 24... Qxd6 $17) 23... Nd4 24. Re1 Rd8 $2 (24... Nxb3 25. Qxb3 Qxd6) 25. Re7 Ne6 26. Bh3 Rxd6 27. Re8+ (27. Qf3 $142 f5 28. Bxf5) 27... Nf8 {[%emt 0:00:03] [#]} 28. Qa8 Rd1+ 29. Ke2 {[%emt 0:00:05] Black did not feel at home in the position after the opening.  Weighted Error Value: White=0.33/Black=0.37} 1-0

[Event "1000IM Saint Louis 2022"]
[Site "Saint Louis"]
[Date "2022.07.19"]
[Round "2.3"]
[White "Wang, Tianqi"]
[Black "Proleiko, Julian"]
[Result "1/2-1/2"]
[ECO "A45"]
[WhiteElo "2402"]
[BlackElo "2238"]
[Annotator "TA"]
[PlyCount "21"]
[EventDate "2022.07.20"]
[EventType "tourn"]
[EventCountry "USA"]
[SourceTitle "playchess.com"]
[Source "ChessBase"]
[SourceQuality "1"]
[TimeControl "5400+30"]

1. d4 Nf6 2. f3 d5 3. e4 e5 4. dxe5 Nxe4 {[%emt 0:00:05] [#]} 5. fxe4 $146 ({Predecessor:} 5. Ne2 Nc5 6. Nbc3 Nc6 7. Be3 Nxe5 8. Qxd5 Qxd5 9. Nxd5 Ne6 10. Nd4 Nxd4 11. Bxd4 {0-1 (60) Andreikin,D (2727)-Khanin,S (2529) Chess.com INT 2019}) 5... Qh4+ {[%emt 0:00:03] The position is equal.} 6. Kd2 {[%emt 0:00:16] A45: Trompowsky Attack.} Qh6+ (6... Qxe4 $2 7. Nf3 $18) 7. Kc3 Qc6+ 8. Kd2 {[%emt 0:00:08] [#] Hoping for Nc3.} Qh6+ $1 9. Ke1 Qh4+ 10. Kd2 Qh6+ (10... Qxe4 $2 11. Nf3 $18) 11. Kc3 {[%emt 0:00:08] An even fight not without its subleties.  Weighted Error Value: White=0.00 (flawless) /Black=0.00 (flawless)} 1/2-1/2

[Event "1000IM Saint Louis 2022"]
[Site "Saint Louis"]
[Date "2022.07.19"]
[Round "2.4"]
[White "Kozelov, Roman"]
[Black "Williams, Justus"]
[Result "0-1"]
[ECO "B40"]
[WhiteElo "2104"]
[BlackElo "2390"]
[Annotator "TA"]
[PlyCount "104"]
[EventDate "2022.07.20"]
[EventType "tourn"]
[EventCountry "USA"]
[SourceTitle "playchess.com"]
[Source "ChessBase"]
[SourceQuality "1"]
[TimeControl "5400+30"]

1. e4 c5 2. Nf3 e6 3. g3 Nc6 4. Bg2 Nf6 5. Nc3 d5 6. exd5 {[%emt 0:00:14] B40: Sicilian: 2...e6, Unusual lines.} Nxd5 7. O-O Nc7 8. Re1 {[%emt 0:04:42] White is slightly better.} Be7 {[%emt 0:00:47] [#]} 9. b3 $146 ({Predecessor:} 9. d3 O-O 10. Bf4 f6 11. Nh4 e5 12. Bd2 g5 13. Be4 f5 14. Bxc6 bxc6 15. Nf3 {1-0 (35) Gorkavij,V (2327)-Tunik,G (2499) Belorechensk 2009}) 9... O-O 10. Bb2 f6 11. Ba3 e5 {[%emt 0:02:21] Against d4} 12. Ne4 (12. Nh4 $11) 12... f5 $1 $17 13. Nxe5 fxe4 ({Weaker is} 13... Nxe5 14. Nxc5 Bd6 15. Nxb7 Bxb7 16. Bxd6 Qxd6 17. Bxb7 $15) 14. Nxc6 bxc6 15. Bxe4 Nd5 16. c4 Nf6 17. Bxc6 Bg4 18. Qc2 Rc8 19. Bg2 Qd7 20. d4 ({White should try} 20. d3) 20... Qxd4 21. h3 {[%emt 0:06:38] [#]} Bh5 22. g4 (22. Qb2 Qd7) 22... Bg6 23. Qe2 Rfe8 {[%emt 0:01:06] Hoping for ...Bd6.} 24. Bb2 Qd8 25. Rad1 Qa5 26. Qe6+ (26. Be5 $17) 26... Bf7 27. Qf5 {[%emt 0:01:24][%cal Oe1e7] Strongly threatening Rxe7!} Qxa2 28. Rxe7 Qxb2 29. Rxf7 Kxf7 30. g5 {[%emt 0:01:16][%mdl 64] [#] Pin} Kg8 $1 {[%emt 0:01:55] White must now prevent ...Nh5.} 31. gxf6 Qxf6 32. Qxf6 gxf6 {[%emt 0:00:03][%mdl 4096] Endgame KRR-KRB} 33. Rd7 {[%emt 0:00:14] Inhibits Re7.} Re1+ 34. Kh2 Ra1 35. Rb7 Re8 36. Bd5+ Kh8 37. Kg2 Re5 38. Kg3 Ra2 39. f3 Ra1 40. Kf4 Rh1 41. Rxa7 Rxh3 42. Rc7 Rh4+ 43. Kg3 Rd4 44. Rxc5 h5 45. Rc8+ Kg7 46. Rc7+ Kg6 {[%emt 0:02:49] Threatens to win with ...h4+.} 47. Be4+ (47. Rd7 $1 $11 {remains equal.}) 47... f5 48. Rc6+ {[%emt 0:01:01] [#]} Kf7 $1 49. Kf4 {[%emt 0:01:03][%mdl 8192] White does not recover from this.} (49. Bd5+ $17 Ke7 50. Rc7+ Kf6 51. Rf7+ Kg6 52. Rd7 h4+ 53. Kh3) 49... Re6 $19 {[%emt 0:00:27] Black is clearly winning.} ({Not} 49... Ra5 50. b4 Ra4 51. Kxf5 (51. Ke5 fxe4 52. Rc7+ Kg6 $11) 51... Rxb4 52. Rc7+ Ke8 53. Bd5 $11) 50. Rxe6 Kxe6 51. Ke3 {[%emt 0:00:06] [#]} fxe4 $1 52. Kxd4 {[%emt 0:00:58] [#]} h4 $1 {[%emt 0:02:13] Weighted Error Value: White=0.46/Black=0.06 (flawless)} (52... exf3 53. Ke3 Kd6 54. b4 $18) 0-1

[Event "1000IM Saint Louis 2022"]
[Site "Saint Louis"]
[Date "2022.07.19"]
[Round "2.5"]
[White "Tokhirjonova, Gulrukhbegim"]
[Black "Sethuraman, Sandeep"]
[Result "1/2-1/2"]
[ECO "A07"]
[WhiteElo "2329"]
[BlackElo "2305"]
[Annotator "TA"]
[PlyCount "50"]
[EventDate "2022.07.20"]
[EventType "tourn"]
[EventCountry "USA"]
[SourceTitle "playchess.com"]
[Source "ChessBase"]
[SourceQuality "1"]
[TimeControl "5400+30"]

1. Nf3 d5 2. g3 c6 3. Bg2 Bg4 4. O-O Nd7 5. h3 Bxf3 6. Bxf3 {[%emt 0:00:19] A07: Réti Opening: New York and Capablanca Systems.} e5 7. d3 Ngf6 8. e4 dxe4 9. dxe4 Bc5 10. a4 a5 11. Qe2 O-O 12. Nd2 Qc7 13. Nc4 Rfd8 {[%emt 0:03:23] [#]} 14. Ne3 $146 ({Predecessor:} 14. Bg2 Nb6 15. Ne3 g6 16. Kh2 h5 17. Nd1 Nbd7 18. Bg5 Re8 19. Ne3 Nh7 20. Bh6 {½-½ (50) Fressinet,L (2700)-Wang,Y (2718) Huaian 2016}) 14... Nf8 {[%emt 0:07:12] The position is equal.} 15. Nf5 Ne6 16. c3 g6 17. Nh6+ Kg7 18. h4 Qd6 19. Ng4 Nxg4 20. Bxg4 h5 21. Bf3 Qd3 22. Kg2 Be7 23. Be3 Bc5 {[%emt 0:03:15] [#] White must now prevent ...Qxe2.} 24. Bc1 Be7 25. Be3 Bc5 {[%emt 0:01:05] A balanced but interesting game.  Weighted Error Value: White=0.04 (flawless) /Black=0.04 (flawless)} 1/2-1/2

[Event "1000IM Saint Louis 2022"]
[Site "Saint Louis"]
[Date "2022.07.20"]
[Round "3.1"]
[White "Sethuraman, Sandeep"]
[Black "Cervantes Landeiro, Thalia"]
[Result "1-0"]
[ECO "D72"]
[WhiteElo "2305"]
[BlackElo "2234"]
[Annotator "TA"]
[PlyCount "45"]
[EventDate "2022.07.20"]
[EventType "tourn"]
[EventCountry "USA"]
[SourceTitle "playchess.com"]
[Source "ChessBase"]
[SourceQuality "1"]
[TimeControl "5400+30"]

1. d4 Nf6 2. c4 g6 3. g3 Bg7 4. Bg2 d5 5. cxd5 Nxd5 6. e4 Nb6 7. Ne2 O-O 8. O-O Bg4 9. Nbc3 {[%emt 0:06:07] has lost popularity (9.f3). D72: Fianchetto Grünfeld: 5 cxd5 Nxd5 6 e4 Nb6 (without Nf3).} e5 10. d5 {[%emt 0:05:34] [#]} (10. dxe5 $14 Bxe5 11. f3) 10... Qc8 $146 ({Black should play} 10... c6 $11) ({Predecessor:} 10... c6 11. h3 Bd7 12. Qb3 Na6 13. Be3 c5 14. a4 c4 15. Bxb6 cxb3 16. Bxd8 Rfxd8 {½-½ (24) Jaeger,A (2001)-Stoeckel,J (1899) Berlin-Lichtenrade 2012}) 11. b3 {[%emt 0:07:45] White is slightly better.} c6 12. Be3 Rd8 13. Rc1 Qd7 14. Qc2 Na6 15. Rfd1 Rac8 $2 {[%emt 0:07:11] A mistake that costs the game.} (15... cxd5 $14 16. Nxd5 Nxd5 17. exd5 (17. Rxd5 Qe7 $11) 17... h5) 16. f3 $18 {[%emt 0:04:11] [#] Threatens to win with dxc6.} Bh3 $2 (16... Nb4 {is a better chance.} 17. Qd2 Bh3 18. Bxb6 axb6) 17. dxc6 {[%emt 0:00:46] White is clearly winning.} Qe6 (17... Qxc6 $142 18. Bxh3 Ra8 19. Rxd8+ Rxd8) 18. cxb7 Rb8 19. Rxd8+ Rxd8 20. Bxh3 Qxh3 21. Nd5 Bh6 22. Bxb6 axb6 23. Qc8 {[%emt 0:00:22] Weighted Error Value: White=0.09 (flawless) /Black=0.69} 1-0